Map: Lost and Found LE

Players

Elazer - Winner!

  • Race: Zerg Zerg
  • League: Grandmaster
  • Spawn Location: 7:00

MMA

  • Race: Terran Terran
  • Spawn Location: 1:00

Event: HomeStory Cup XVII

VOD

Have the link to the VOD?

Description

Time

  • Played on: June 29, 2018, 10:17 a.m.
  • Length: 11:39

All games in this series

Show
View Real Time Build Order
Export as new Build Order

Elazer Zerg - Winner!

Build Orders: Hatch First, Roach Hydra 

Get SALT Encoding   

  12  0:00  Drone  
  13  0:12  Overlord  
  13  0:16  Drone  
  14  0:30  Drone  
  14  0:31  Drone  
  16  0:46  Hatchery  
  15  0:50  Drone  
  15  0:54  Drone  
  17  0:57  Drone  
  18  1:07  Extractor  
  17  1:12  Spawning Pool  
  17  1:15  Drone  
  17  1:18  Drone  
  18  1:27  Drone  
  19  1:38  Drone  
  20  1:49  Drone  
  21  1:58  Queen x2  
  21  1:59  Zergling x2  
  21  2:00  Zergling x2  
  27  2:12  Hatchery  
  26  2:16  Overlord  
  26  2:20  Drone  
  26  2:22  Drone  
  28  2:35  Drone x2  
  30  2:38  Drone  
  30  2:40  Queen  
  32  2:46  Metabolic Boost  
  32  2:49  Overlord  
  32  2:52  Drone  
  32  2:56  Drone  
  34  3:06  Drone x2  
  34  3:10  Drone x4  
  40  3:15  Drone  
  40  3:17  Queen  
  40  3:19  Overlord  
  43  3:25  Drone  
  43  3:26  Drone  
  45  3:28  Drone  
  46  3:34  Overlord  
  46  3:35  Drone  
  46  3:37  Queen  
  46  3:39  Drone  
  51  3:41  Drone  
  51  3:42  Drone  
  51  3:44  Drone  
  51  3:45  Drone  
  54  3:49  Drone x2  
  54  3:51  Overlord  
  54  3:55  Queen  
  56  3:57  Drone  
  56  3:59  Drone  
  60  4:03  Drone x3  
  60  4:09  Zergling x4  
  65  4:17  Overlord, Extractor  
  65  4:18  Drone x2  
  66  4:29  Evolution Chamber  
  66  4:30  Overlord  
  65  4:32  Evolution Chamber  
  65  4:35  Drone x9  
  73  4:41  Overlord  
  73  4:43  Drone  
  73  4:48  Spore Crawler  
  73  4:50  Spore Crawler  
  73  4:51  Spore Crawler  
  73  4:52  Drone x3  
  73  4:53  Drone  
  73  4:58  Zerg Ground Armor Level 1  
  74  5:00  Extractor, Drone x5  
  74  5:04  Drone  
  79  5:08  Overlord  
  79  5:09  Lair  
  79  5:10  Extractor, Drone x4  
  79  5:13  Drone  
  83  5:26  Zerg Missile Weapons Level 1, Overlord  
  83  5:27  Roach Warren  
  82  5:28  Extractor  
  82  5:29  Drone  
  82  5:30  Extractor  
  82  5:32  Drone x3  
  84  5:41  Overlord  
  84  5:44  Overlord  
  84  5:46  Zergling x6  
  87  5:53  Overlord  
  87  5:54  Hatchery, Drone x4  
  90  6:09  Glial Reconstitution, Roach x11  
  111  6:12  Drone  
  111  6:14  Infestation Pit  
  113  6:18  Roach x3  
  113  6:19  Roach  
  113  6:24  Drone  
  113  6:25  Drone x2  
  122  6:32  Drone  
  123  6:36  Drone x2  
  123  6:37  Extractor  
  124  6:41  Extractor  
  124  6:44  Drone x7  
  130  6:50  Overlord, Hive  
  130  6:55  Zerg Ground Armor Level 2  
  130  6:56  Overlord  
  130  6:57  Hydralisk Den  
  129  7:06  Overlord x2  
  129  7:10  Hatchery  
  129  7:12  Overlord  
  127  7:18  Drone x3  
  127  7:20  Roach x5  
  127  7:21  Roach x2  
  144  7:26  Zerg Missile Weapons Level 2  
  144  7:36  Overlord  
  138  7:37  Hydralisk x8  
  138  7:38  Muscular Augments  
  138  7:43  Overlord  
  154  7:52  Overlord x3  
  154  7:55  Hydralisk x4  
  154  7:56  Hydralisk  
  154  7:57  Overseer  
  164  8:02  Drone x3  
  167  8:08  Roach x5  
  175  8:19  Viper x3  
  174  8:24  Viper  
  174  8:25  Extractor  
  174  8:26  Extractor  
  171  8:35  Hydralisk x4  
  173  8:53  Hydralisk x7  
  187  8:56  Grooved Spines  
  187  9:01  Roach x6  
  199  9:21  Spine Crawler x2  
  199  9:23  Spine Crawler  
  186  9:31  Hydralisk  
  186  9:32  Hydralisk x8  
  186  9:37  Roach x8  
  190  9:42  Roach x8  
  196  9:50  Roach  
  196  9:51  Roach x3  
  196  9:57  Roach  
  196  9:58  Roach x7  
  194  10:02  Roach  
  194  10:03  Roach x4  
  194  10:13  Roach x4  
  198  10:20  Hydralisk  
  198  10:21  Hydralisk x3  
  192  10:25  Overlord x2  
  192  10:32  Hydralisk x7  
  181  10:41  Hydralisk x4  
  168  10:48  Roach x4  
  176  10:51  Ravager x2  
  176  10:52  Ravager  
  176  10:56  Viper x2  
  185  11:10  Overlord  
Show
View Real Time Build Order
Export as new Build Order

MMA Terran 

Build Orders: Reaper Expand, Mech 

Get SALT Encoding   

  12  0:00  SCV  
  13  0:12  SCV  
  14  0:17  Supply Depot  
  14  0:24  SCV  
  15  0:38  SCV  
  15  0:39  Barracks  
  16  0:43  Refinery  
  16  0:50  SCV  
  17  1:02  SCV  
  18  1:14  SCV  
  19  1:27  Orbital Command, Reaper  
  20  1:39  Command Center  
  20  1:50  Supply Depot  
  20  1:52  SCV  
  21  1:58  Marine  
  22  2:04  SCV  
  23  2:14  Factory  
  23  2:16  SCV  
  23  2:20  Barracks Reactor  
  24  2:29  SCV  
  25  2:41  SCV  
  25  2:42  Command Center  
  26  2:51  Orbital Command  
  26  2:55  SCV  
  27  2:58  Starport  
  27  3:06  Refinery  
  27  3:07  SCV  
  27  3:12  Hellion  
  30  3:15  Hellion  
  30  3:18  SCV  
  30  3:19  SCV  
  34  3:21  Barracks Tech Lab  
  34  3:30  SCV  
  34  3:31  SCV  
  36  3:34  Hellion  
  36  3:36  Hellion  
  40  3:42  SCV  
  40  3:43  SCV  
  40  3:47  Refinery x2  
  42  3:55  Raven  
  42  3:56  Orbital Command  
  42  3:57  SCV x2  
  46  4:05  Supply Depot  
  46  4:09  SCV x2  
  48  4:16  Hellion x2  
  52  4:21  SCV x2  
  54  4:25  Orbital Command  
  54  4:26  Armory x2  
  54  4:33  SCV  
  54  4:34  SCV  
  54  4:35  Supply Depot  
  54  4:38  Hellion x2  
  60  4:40  Barracks Tech Lab  
  60  4:46  SCV x2  
  62  4:54  SCV, Factory  
  62  4:57  Factory  
  62  4:58  SCV  
  62  4:59  SCV  
  65  5:01  Supply Depot  
  65  5:06  SCV  
  66  5:07  Starport Reactor  
  66  5:10  SCV  
  66  5:11  SCV  
  68  5:14  Terran Vehicle And Ship Armor Level 1, Terran Vehicle Weapons Level 1  
  68  5:18  SCV  
  69  5:22  SCV  
  69  5:23  SCV  
  71  5:30  SCV  
  71  5:34  SCV  
  71  5:35  SCV  
  74  5:36  Supply Depot  
  74  5:39  Supply Depot  
  74  5:42  SCV  
  75  5:43  Refinery x2  
  75  5:46  SCV  
  75  5:47  SCV  
  77  5:54  SCV  
  78  5:57  Thor  
  78  5:58  Thor, SCV  
  78  5:59  SCV  
  78  6:01  Medivac  
  78  6:02  Medivac  
  96  6:06  SCV  
  96  6:10  SCV  
  98  6:11  SCV  
  98  6:15  Hellion  
  101  6:20  Barracks Reactor  
  101  6:23  Supply Depot, Factory x2  
  101  6:25  Supply Depot x2  
  101  6:30  SCV x2  
  101  6:31  SCV, Hellion  
  106  6:37  Hellion  
  108  6:41  Siege Tank x2  
  117  6:49  SCV x2  
  117  6:50  SCV  
  117  6:51  Supply Depot x2  
  117  6:52  Hellion  
  119  6:56  Infernal Pre-Igniter  
  119  7:02  SCV  
  119  7:05  Hellion  
  119  7:06  SCV  
  123  7:12  Factory Tech Lab  
  123  7:14  Siege Tank x2  
  128  7:16  Command Center  
  128  7:21  Hellion x3  
  128  7:22  Supply Depot  
  134  7:23  SCV  
  134  7:24  SCV x2  
  134  7:25  Supply Depot  
  133  7:33  Siege Tank  
  133  7:34  Terran Vehicle Weapons Level 2  
  133  7:36  SCV x3  
  138  7:37  Terran Vehicle And Ship Armor Level 2  
  138  7:52  Supply Depot  
  138  7:54  Supply Depot  
  138  7:55  Engineering Bay  
  138  7:56  Siege Tank x2  
  146  7:58  Hellion  
  146  7:59  Hellion  
  146  8:00  Hellion  
  148  8:16  Siege Tank  
  148  8:21  Hellion x3  
  154  8:28  Siege Tank  
  157  8:34  Hellion x2  
  157  8:38  Factory x2  
  156  8:42  Hellion x3  
  156  8:47  Planetary Fortress  
  160  8:49  SCV x3, Hellion  
  169  8:55  Hellion  
  169  8:56  Hellion  
  169  9:01  SCV x3, Hellion  
  174  9:03  Hellion  
  174  9:06  Refinery  
  174  9:07  Refinery, Hellion  
  174  9:08  Hellion  
  180  9:11  Hellion  
  180  9:13  SCV  
  180  9:14  SCV x2, Viking  
  187  9:19  Viking  
  189  9:24  Sensor Tower  
  189  9:25  SCV  
  189  9:26  SCV  
  187  9:33  Hellion x2  
  187  9:34  Hellion  
  185  9:39  Hellion x2  
  185  9:41  Hellion  
  185  9:43  Siege Tank  
  185  9:44  SCV  
  185  9:45  SCV x2  
  193  9:47  SCV  
  192  9:53  Hellion x10  
  192  9:56  Viking  
  192  9:58  Viking  
  182  10:02  SCV x2  
  182  10:03  SCV x2  
  180  10:12  Supply Depot  
  180  10:13  Supply Depot  
  180  10:19  SCV x2  
  166  10:23  Siege Tank x2  
  166  10:24  Hellion x2  
  166  10:26  Viking  
  165  10:28  SCV x2, Viking  
  165  10:32  Siege Tank  
  165  10:34  Hellion  
  126  10:43  Factory Tech Lab x2  
  121  10:55  Siege Tank x2  
  127  10:57  Hellion x2  
  127  10:58  Hellion  
  127  11:02  Viking x2  
  135  11:04  Siege Tank  
  135  11:07  Orbital Command  
  125  11:15  Hellion  
  125  11:16  SCV  
  125  11:17  SCV  
Tags
 
Add a new tag
Caveats
  • Supply blocks, unpowered buildings, or Contaminate may cause inaccurate times.
  • Supply counts are checked every 10 seconds.